Map: Ulrena

Players

Jhyrachy

  • Race: Zerg Zerg
  • League: Silver

AteBitHavoc - Winner!

  • Race: Terran Terran
  • League: Gold

VOD

Have the link to the VOD?

Description

Time

  • Played on: March 30, 2016, 8:59 a.m.
  • Length: 16:04
Show
View Real Time Build Order
Export as new Build Order

Jhyrachy Zerg 

Build Orders: Hatch First 

Get SALT Encoding   

  12  0:01  Drone  
  13  0:09  Drone  
  14  0:25  Overlord  
  14  0:30  Extractor  
  14  0:31  Extractor, Drone  
  14  0:32  Drone  
  16  0:44  Drone  
  17  1:04  Extractor, Drone  
  17  1:06  Drone  
  17  1:07  Hatchery  
  17  1:16  Spawning Pool  
  16  1:53  Drone x2  
  16  1:54  Drone  
  19  2:05  Queen  
  19  2:07  Overlord  
  21  2:20  Queen  
  23  2:30  Metabolic Boost  
  23  2:44  Baneling Nest  
  23  2:50  Spore Crawler  
  22  2:51  Drone x3  
  24  3:07  Zergling x2  
  24  3:10  Drone x3  
  28  3:20  Lair  
  28  3:23  Queen  
  29  3:41  Zergling x2  
  29  3:42  Zergling x12  
  29  3:45  Overlord  
  36  3:55  Spine Crawler  
  29  4:30  Drone x4  
  29  4:31  Drone x4  
  37  4:45  Zergling x2  
  38  4:46  Zergling x8  
  41  5:14  Overseer  
  41  5:24  Roach Warren  
  41  5:26  Extractor  
  39  6:25  Roach x4  
  42  6:28  Overlord x3  
  42  6:52  Roach  
  42  6:53  Roach x12  
  66  6:54  Roach  
  54  7:25  Burrow  
  54  7:41  Drone x5  
  54  7:42  Drone  
  59  7:53  Hatchery  
  58  8:05  Glial Reconstitution  
  58  8:13  Overlord x2  
  58  8:41  Roach  
  58  8:42  Roach x8  
  76  8:56  Overlord x2  
  76  9:09  Roach x5  
  76  9:20  Drone  
  76  9:21  Drone x5  
  82  9:33  Roach x27  
  82  9:38  Drone x3  
  85  9:55  Roach x27  
  85  10:03  Tunneling Claws  
  85  10:17  Overlord x3  
  85  10:18  Overlord  
  85  10:29  Drone  
  85  10:30  Drone x3  
  85  10:32  Roach x27  
  86  10:59  Overlord x2  
  86  11:22  Drone x4  
  86  11:23  Drone  
  91  11:33  Roach x27  
  91  11:38  Roach x10  
  91  11:39  Roach x2  
  117  11:40  Roach  
  117  11:46  Roach x9  
  81  12:32  Roach x9  
  81  12:33  Roach x5  
  81  12:37  Ravager, Roach x9  
  110  12:43  Drone  
  112  12:58  Ravager  
  112  12:59  Ravager  
  112  13:02  Drone x4, Extractor  
  112  13:03  Drone x3  
  112  13:04  Drone x2  
  112  13:05  Drone x3  
  124  13:16  Ravager  
  125  13:23  Drone x2  
  125  13:24  Drone x2  
  129  13:28  Zergling x2  
  129  13:29  Zergling x14  
  137  13:45  Ravager  
  138  13:49  Overlord x3  
  138  14:04  Extractor  
  138  14:08  Drone x3  
  140  14:11  Roach x4  
  140  14:12  Roach x6  
  160  14:18  Ravager  
  161  14:54  Ravager  
  161  14:56  Overlord x2  
  161  14:57  Overlord x2  
  162  15:02  Roach x39  
  154  15:22  Ravager x7  
  154  15:24  Roach x31  
  161  15:31  Zergling x2  
  161  15:32  Zergling x26  
Show
View Real Time Build Order
Export as new Build Order

AteBitHavoc Terran - Winner!

Build Orders: Mech 

Get SALT Encoding   

  12  0:01  SCV  
  13  0:14  SCV  
  14  0:18  Supply Depot  
  14  0:24  Refinery  
  14  0:28  SCV  
  15  0:40  SCV  
  16  0:47  Barracks  
  16  0:53  SCV  
  17  1:05  SCV  
  18  1:17  SCV  
  19  1:36  Orbital Command, Marine  
  19  1:38  Supply Depot  
  20  1:43  Factory  
  20  2:02  Barracks Reactor  
  20  2:03  SCV  
  21  2:15  SCV  
  21  2:22  Command Center  
  22  2:29  SCV  
  23  2:32  Supply Depot  
  25  2:44  Hellion x2  
  25  2:48  SCV  
  28  2:51  Barracks Tech Lab  
  28  2:54  Refinery  
  28  3:00  SCV  
  31  3:06  Hellion x2  
  33  3:15  SCV  
  33  3:18  Barracks Tech Lab  
  34  3:37  Orbital Command  
  34  3:39  Siege Tank, Factory  
  34  3:40  SCV  
  34  4:15  Siege Tank  
  33  4:21  Command Center  
  33  4:25  Hellion x2  
  33  4:26  Starport, SCV  
  38  4:32  SCV  
  39  4:42  Barracks Tech Lab  
  39  4:45  Orbital Command, Infernal Pre-Igniter  
  39  5:07  Command Center  
  39  5:08  Cloaking Field  
  39  5:12  SCV x2  
  41  5:20  Factory  
  41  5:28  SCV x2  
  43  5:32  Hellion x2  
  43  5:34  Refinery  
  43  5:35  Refinery  
  46  5:38  Hellion  
  48  5:45  Banshee  
  48  5:48  Orbital Command  
  51  6:01  Hellion x2  
  51  6:02  Armory  
  51  6:03  SCV x2  
  57  6:19  Cyclone  
  57  6:25  Hellion x3  
  66  6:36  Banshee  
  69  6:57  Siege Tank, Hellion x2  
  73  7:14  Hellion  
  69  7:18  Orbital Command, Hellion  
  63  7:28  Terran Vehicle Weapons Level 1  
  63  7:29  Siege Tank, SCV x3  
  72  7:46  Liberator  
  72  7:54  Hellion x2  
  72  7:55  Siege Tank  
  76  8:15  Armory  
  76  8:22  Orbital Command  
  76  8:23  SCV x3  
  79  8:28  Barracks Reactor  
  79  8:33  Hellion x2  
  83  8:44  Starport, SCV  
  84  8:53  Siege Tank, SCV x2  
  89  9:08  Terran Vehicle And Ship Armor Level 1  
  89  9:15  SCV x3  
  89  9:16  Armory  
  92  9:25  Terran Ship Weapons Level 1  
  92  9:31  Barracks Tech Lab  
  92  9:36  Supply Depot  
  92  9:38  Liberator  
  92  9:39  Supply Depot  
  92  9:40  Supply Depot  
  92  9:41  Supply Depot x2  
  92  9:43  Supply Depot  
  92  9:55  SCV, Hellion x2  
  92  9:57  Siege Tank, SCV, Viking x2  
  108  10:01  Siege Tank, SCV x2  
  108  10:06  Refinery  
  113  10:07  Refinery  
  113  10:16  Starport  
  112  10:23  Supply Depot  
  112  10:25  Supply Depot  
  112  10:26  Supply Depot x2  
  112  10:27  Supply Depot, Hellion x2  
  116  10:31  Viking x2  
  120  10:43  Siege Tank x2  
  126  10:56  Viking, Hellion x2  
  132  10:58  Liberator  
  132  11:01  SCV x4  
  136  11:07  Supply Depot x2  
  136  11:08  Supply Depot  
  136  11:13  Engineering Bay  
  139  11:22  Hellion x2  
  143  11:32  Terran Vehicle Weapons Level 2, Terran Vehicle And Ship Armor Level 2  
  143  11:35  SCV x2  
  145  11:42  Raven  
  142  12:22  Liberator x2  
  142  12:37  Siege Tank x2, Hellion x2  
  142  12:38  Viking  
  142  12:39  Viking  
  162  12:50  SCV  
  162  12:51  SCV x2, Terran Ship Weapons Level 2  
  165  12:59  Missile Turret x2  
  165  13:03  Missile Turret  
  165  13:04  Missile Turret, Hellion x2  
  165  13:05  SCV x4  
  173  13:08  Liberator x2  
  173  13:19  Missile Turret x2  
  173  13:26  Banshee  
  182  13:33  Hellion x2  
  186  13:42  Hellion x2  
  190  13:55  Viking  
  192  14:11  Siege Tank, Hellion x2  
  192  14:16  Orbital Command  
  199  14:36  Fusion Core  
  199  15:01  Command Center  
Tags
 
Composition
Mech
Matchup
TvZ
Add a new tag
Caveats
  • Supply blocks, unpowered buildings, or Contaminate may cause inaccurate times.
  • Supply counts are checked every 10 seconds.